[Event "Live Chess"]
[Site "Chess.com"]
[Date "2024.06.02"]
[Round "-"]
[White "asingardenof"]
[Black "MagnersCarlsberg2870"]
[Result "0-1"]
[WhiteElo "626"]
[BlackElo "1802"]
[TimeControl "300"]
[EndTime "18:37:58 PDT"]
[Termination "MagnersCarlsberg2870 won by resignation"]

1. d4 Nf6 2. c4 e5 3. Nf3 e4 4.
Ng5 h6 5. Nh3 Bb4+ 6. Bd2 Qe7 7.
e3 d5 8. c5 Bxd2+ 9. Nxd2 Bxh3 10. gxh3 b6 11. Rg1 g6 12. Nb3 Nbd7 13. Bb5 a6 14.
Bxd7+ Nxd7 15. c6 Nb8 16. Qg4 Nxc6 17. Rg3 Nb4 18. Nc1 Nc2+ 19. Ke2 Nxa1 20. Kd2 Qb4+ 21. Ke2 Qc4+ 22. Kd2 Qc2+ 23. Ke1 Qxc1+ 0-1

[Event "Live Chess"]
[Site "Chess.com"]
[Date "2024.06.02"]
[Round "-"]
[White "KeithArkell"]
[Black "Duke_of_Bebington"]
[Result "1-0"]
[WhiteElo "2455"]
[BlackElo "1662"]
[TimeControl "300"]
[EndTime "18:38:29 PDT"]
[Termination "KeithArkell won on time"]

1. d4 d5 2. Nf3 Nf6 3. c4 c6 4. Nc3 dxc4 5. a4 Bf5 6. Nh4 Bg6 7. Nxg6 hxg6 8. a5 Nd5 9. e3 e6 10. Bxc4 Bb4 11. Bxd5 exd5 12. Qa4 Be7 13. Bd2 O-O 14. O-O Nd7 15. a6 b5 16. Qc2 Nb6 17. b3 Rc8 18. Ne2 c5 19. dxc5 Rxc5 20. Qd3 Qc7 21. Bb4 Rc6 22.
Bxe7 Qxe7 23. Qxb5 Rfc8 24. Nd4 Rc5 25. Qe2 Kh7 26.
h3 Rh8 27. Rfd1 Kg8 28. Rac1 Qc7 29. Rxc5 Qxc5 30. Qd2 Kh7 31. Rc1 Qe7 32. Qe2 Rd8 33. Qg4 f5 34. Qf4 Rd7 35. Rc6 Nc8 36. Ne6 Kg8 37.
Rxc8+ 1-0

[Event "Live Chess"]
[Site "Chess.com"]
[Date "2024.06.02"]
[Round "-"]
[White "Cruiseylee78"]
[Black "e4evr"]
[Result "1-0"]
[WhiteElo "1661"]
[BlackElo "2214"]
[TimeControl "300"]
[EndTime "18:38:48 PDT"]
[Termination "Cruiseylee78 won by checkmate"]

1. d4 f5 2. Bf4 Kf7 3. e3 g6 4.
Nf3 e6 5. d5 Qe8 6. Bxc7 h5 7. Nc3 a6 8. Ng5+ Kg7 9. Na4 Kh6 10.
Nb6 Kxg5 11. Qd4 e5 12. Bxe5 Bb4+ 13. Qxb4 Qxe5 14. f4+ Kh6 15. fxe5 d6 16. Qxd6 Ra7 17. Qxb8 Ne7 18. Qxa7 a5 19. Qxa5 f4 20. h4 Bf5 21.
g4 fxg3 22. Qb4 Ng8 23. e4 Bg4 24. Qf8+ Kh7 25. Qe7+ Nxe7 26. Rg1 g5 27. Rxg3 gxh4 28.
Rc3 Ng6 29. e6 Rf8 30. Nd7 Rf4 31. Re3 h3 32. Bxh3 Bxh3 33. Rxh3 Rxe4+ 34. Kd1 Kh6 35. Rxh5+ Kg7 36. Kd2 Rd4+ 37. Ke3 Rg4 38. Rah1 Rg3+ 39.
Kf2 Rg4 40. Rh7+ Kg8 41. Nf6+ Kf8 42. Rf7# 1-0

[Event "Live Chess"]
[Site "Chess.com"]
[Date "2024.06.02"]
[Round "-"]
[White "ACM42"]
[Black "MaksymYurii"]
[Result "1-0"]
[WhiteElo "2170"]
[BlackElo "970"]
[TimeControl "300"]
[EndTime "18:39:24 PDT"]
[Termination "ACM42 won by checkmate"]

1. e4 e5 2. Nf3 Nc6 3. Bc4 d6 4.
O-O Bg4 5. h3 Bxf3 6. Qxf3 Nf6 7.
c3 Be7 8. b4 O-O 9. b5 Na5 10.
Be2 c6 11. Na3 cxb5 12. Nxb5 a6 13. Na3 Nc6 14. Nc4 d5 15. exd5 Nxd5 16. Rb1 b5 17.
Ne3 Nf6 18. Qxc6 e4 19. a4 Bd6 20. Nf5 Bc7 21. axb5 Rc8 22. Qxa6 g6 23. Ng3 h5 24. h4 Bxg3 25. fxg3 Ng4 26. Bxg4 hxg4 27. b6 Qd3 28. Qxd3 exd3 29. b7 Rb8 30. Ba3 Rfd8 31. Rf6 Rd7 32. Rfb6 f5 33. c4 Rf7 34. c5 f4 35. gxf4 g3 36.
Rxg6+ Kh7 37. Rxg3 Rfxb7 38. Rxb7+ Rxb7 39. Rxd3 Rf7 40. c6 Rxf4 41. c7 Rc4 42. Rc3 Rxc7 43. Rxc7+ Kg6 44. g4 Kh6 45. Rc6+ Kg7 46. g5 Kf7 47. h5 Ke8 48. g6 Kd7 49. Rd6+ Ke7 50. h6 Kf8 51.
Rf6+ Ke8 52. g7 Kd7 53. g8=Q Kc7 54. Qg7+ Kd8 55. Rf8# 1-0

[Event "Live Chess"]
[Site "Chess.com"]
[Date "2024.06.02"]
[Round "-"]
[White "NeilDruggan73"]
[Black "KGreenGator"]
[Result "1/2-1/2"]
[WhiteElo "1779"]
[BlackElo "1760"]
[TimeControl "300"]
[EndTime "18:40:31 PDT"]
[Termination "Game drawn by stalemate"]

1. d4 d5 2. Bg5 h6 3. Bh4 Nc6 4. e3 g5 5. Bg3 h5 6. h3 Bf5 7. Bd3 Bxd3 8. Qxd3 Nf6 9. Nd2 a6 10. c3 Bg7 11. Ngf3 g4 12. hxg4 hxg4 13. Rxh8+ Bxh8 14. Ne5 e6 15. Bh4 Qd6 16. f4 gxf3 17. Ndxf3 O-O-O 18.
O-O-O Bg7 19. Ng5 Rf8 20. Ngxf7 Qe7 21. Nxc6 bxc6 22. Ne5 Qd6 23. Qxa6+ Kd8 24. Qa8+ Ke7 25. Ng6+ Kf7 26. Nxf8 Bxf8 27. Bxf6 Kxf6 28. Rf1+ Kg7 29. Qe8 Qe7 30. Qh5 c5 31. Rf3 cxd4 32. Rg3+ Kf6 33. Qh4+ Kf7 34. Qh5+ Kf6 35. Qg6+ Ke5 36. exd4+ Kd6 37.
Kc2 c5 38. dxc5+ Kxc5 39. Qd3 Qd6 40. Rg4 Bh6 41. Ra4 Qh2 42. Ra5+ Kd6 43. Ra6+ Ke5 44. Qe2+ Kf4 45. Rxe6 Qh4 46. Qf3+ Kg5 47. Qxd5+ Kf4 48. Qe5+ Kg4 49. Rg6+ Bg5 50. Qe4+ Kh5 51. Qxh4+ Kxh4 52. Rxg5 Kxg5 53. c4 Kg4 54. c5 Kg3 55. c6 Kxg2 56. c7 Kf3 57. c8=Q Ke4 58. Qd7 Ke5 59. b3 Kf6 60. b4 Ke5 61. b5 Ke4 62. b6 Ke3 63. b7 Kf4 64. b8=Q+ Kg5 65. Qbd6 Kh5 66. Qd5+ Kh4 67.
Q7e6 Kg3 68. Qdf5 Kh4 69. Qeg6 1/2-1/2

[Event "Live Chess"]
[Site "Chess.com"]
[Date "2024.06.02"]
[Round "-"]
[White "Tushinskiy"]
[Black "asingardenof"]
[Result "1-0"]
[WhiteElo "2268"]
[BlackElo "626"]
[TimeControl "300"]
[EndTime "18:40:35 PDT"]
[Termination "Tushinskiy won by resignation"]

1. d4 Nf6 2. c3 g6 3. Nf3 Bg7 4. Bf4 d6 5. Bg3 Nc6 6. Nbd2 Bf5 7. Qb3 O-O 8. Qxb7 e6 9. Qxc6 Qe8 10. Qxe8 Rfxe8 11. e3 Nd5 12. e4 Bxe4 13. Nxe4 Nf6 14. Nxf6+ Bxf6 15. O-O-O e5 16. dxe5 dxe5 17. Bb5 Reb8 18.
Bc6 Rb6 19. Bxa8 1-0

[Event "Live Chess"]
[Site "Chess.com"]
[Date "2024.06.02"]
[Round "-"]
[White "ShanthamGrarks"]
[Black "grillage"]
[Result "1-0"]
[WhiteElo "1872"]
[BlackElo "1854"]
[TimeControl "300"]
[EndTime "18:41:40 PDT"]
[Termination "ShanthamGrarks won on time"]

1. d4 e6 2. Nc3 d5 3. e4 dxe4 4. f3 c5 5. Bb5+ Bd7 6. d5 Bxb5 7. Nxb5 Qa5+ 8. Nc3 Nf6 9. dxe6 fxe6 10. Bg5 Be7 11. fxe4 Nxe4 12. Bxe7 Kxe7 13. Ne2 Rf8 14. Rf1 Nc6 15.
Qd3 Nxc3 16. bxc3 Rxf1+ 17. Kxf1 Rf8+ 18. Kg1 g6 19. Qe3 Rf5 20. Ng3 Re5 21. Qh6 Qxc3 22.
Qxh7+ Kd6 23. Rd1+ Nd4 24. Qxb7 Re1+ 25. Nf1 Rxd1 26.
Qb8+ Kd5 27. Qb7+ Ke5 28. Qg7+ Kd5 29. Qd7+ Kc4 30. Qa4+ Qb4 31. Qa6+ Qb5 32. Qd6 Qb6 33. Qe5 Kb5 34. c3 Rxf1+ 35. Kxf1 Nc6 36. Qe2+ Ka5 37. c4 Qb1+ 38. Kf2 Qf5+ 39. Kg1 Nd4 40.
Qd2+ Kb6 41. h3 Qb1+ 42. Kh2 Qf5 43. Qb2+ Kc6 44. Qb8 Qe5+ 45. Qxe5 1-0

[Event "Live Chess"]
[Site "Chess.com"]
[Date "2024.06.02"]
[Round "-"]
[White "WelshTiger"]
[Black "StoreySniper"]
[Result "1-0"]
[WhiteElo "2440"]
[BlackElo "2501"]
[TimeControl "300"]
[EndTime "18:41:57 PDT"]
[Termination "WelshTiger won by resignation"]

1. e4 g6 2. d4 Bg7 3. Nc3 c5 4. d5 d6 5. h3 Bxc3+ 6. bxc3 Nf6 7. f3 Qa5 8. Bd2 h5 9. Ne2 h4 10. Nf4 Nbd7 11. c4 Qa4 12. c3 Qxd1+ 13.
Kxd1 b6 14. Nd3 a5 15. a4 Ba6 16. Nb2 Kd8 17. Kc2 Kc7 18. Kb3 Nh5 19. Bd3 Ne5 20. Bc2 Ng3 21. Rhe1 Rag8 22. f4 Nd7 23. e5 dxe5 24.
fxe5 g5 25. e6 fxe6 26. Rxe6 Rg7 27. Rae1 Kd8 28. Rxe7 Rxe7 29. Bxg5 Kc8 30. Rxe7 Rh5 31. Bf4 Nf5 32. Re8+ Kb7 33. d6 Nd4+ 34. cxd4 cxd4 35. Be4+ 1-0

[Event "Live Chess"]
[Site "Chess.com"]
[Date "2024.06.02"]
[Round "-"]
[White "lyricalschemes"]
[Black "booktrunk"]
[Result "1-0"]
[WhiteElo "2231"]
[BlackElo "1504"]
[TimeControl "300"]
[EndTime "18:42:17 PDT"]
[Termination "lyricalschemes won by resignation"]

1. e4 b6 2. d4 Bb7 3. Bd3 e6 4. c3 h6 5. Nf3 Nf6 6. e5 Nh7 7.
O-O d6 8. Re1 dxe5 9. Nxe5 Be7 10.
Qh5 O-O 11. Qg4 Bg5 12. f4 f5 13. Qh5 Bf6 14. Bc4 Bd5 15. Bxd5 Qxd5 16. Na3 Qd8 17. Qf3 Nd7 18. Nc6 Qe8 19. d5 Nc5 20. dxe6 Nxe6 21. Qd5 Kh8 22. Qxe6 Qxe6 23. Rxe6 Rf7 24.
Ne5 Bxe5 25. Rxe5 Nf8 26. Bd2 Ng6 27. Re2 Re7 28. Rae1 Rxe2 29. Rxe2 Rd8 30. Nc4 b5 31. Ne5 Nxe5 32. fxe5 Kg8 33. Kf2 Kf7 34. e6+ Ke7 35.
Be3 a6 36. Bc5+ Ke8 37. Ke3 Rd5 38. b4 Re5+ 39. Kf3 Rxe2 40. Kxe2 g6 41. Ke3 h5 42.
Kd4 g5 43. Ke5 1-0

[Event "Live Chess"]
[Site "Chess.com"]
[Date "2024.06.02"]
[Round "-"]
[White "asingardenof"]
[Black "oscalik"]
[Result "0-1"]
[WhiteElo "626"]
[BlackElo "2261"]
[TimeControl "300"]
[EndTime "18:43:01 PDT"]
[Termination "oscalik won by checkmate"]

1. e3 e5 2. Ke2 d5 3. Nc3 c5 4. Nf3 Nc6 5. d4 cxd4 6. exd4 exd4 7. Nxd4 Bc5 8. Be3 Bg4+ 9. f3 Nxd4+ 10. Ke1 Qe7 11.
Nxd5 Qe5 12. Bc4 O-O-O 13. Qd3 Nf6 14. h3 Nxd5 15. hxg4 Nxe3 16. Rh5 Nexc2+ 17. Kd2 Qf4+ 18. Kc3 Bb4# 0-1

[Event "Live Chess"]
[Site "Chess.com"]
[Date "2024.06.02"]
[Round "-"]
[White "Harry_Li"]
[Black "Frankie_Badacsonyi"]
[Result "1/2-1/2"]
[WhiteElo "2131"]
[BlackElo "2405"]
[TimeControl "300"]
[EndTime "18:43:06 PDT"]
[Termination "Game drawn by repetition"]

1. e4 c6 2. d4 d5 3. e5 Bf5 4.
Nf3 e6 5. Be2 Ne7 6. O-O Ng6 7.
Ne1 h5 8. Bxh5 Qh4 9. g4 Bxg4 10. Qxg4 Qxh5 11. Qxh5 Rxh5 12. f4 Ne7 13. Nf3 Nf5 14. Bd2 c5 15. c3 Nc6 16. dxc5 Bxc5+ 17. Kg2 Ke7 18. b4 Bb6 19. a4 Rah8 20. a5 Be3 21.
Re1 Bxd2 22. Nbxd2 Nh4+ 23. Kf2 Nxf3 24. Nxf3 g6 25.
h4 Rc8 26. Kg3 Rhh8 27. b5 Nb8 28. Rec1 Nd7 29. a6 b6 30. Nd4 Rc7 31. Nc6+ Kf8 32. c4 dxc4 33. Rxc4 Nc5 34. Rd1 Kg7 35. Rcd4 Rhc8 36.
Kg4 Nxa6 37. Ra4 Nc5 38. Rxa7 Rxa7 39. Nxa7 Ra8 40. Nc6 Ra4 41. Rd8 Ra2 42. Rb8 Na4 43. Ne7 Rg2+ 44. Kf3 Rb2 45. Ng8 Rxb5 46. Nf6 Rb2 47.
Rg8+ Kh6 48. Rh8+ Kg7 49. Rh7+ Kf8 50. Rh8+ Kg7 51. Rh7+ Kf8 52. Rh8+ Kg7 1/2-1/2

[Event "Live Chess"]
[Site "Chess.com"]
[Date "2024.06.02"]
[Round "-"]
[White "Mikhail_Golubev"]
[Black "juniortay"]
[Result "1-0"]
[WhiteElo "2575"]
[BlackElo "2418"]
[TimeControl "300"]
[EndTime "18:43:17 PDT"]
[Termination "Mikhail_Golubev won by resignation"]

1. e4 e5 2. Nf3 Nf6 3. Nc3 Nc6 4.
g3 Nxe4 5. Nxe4 d5 6. Bd3 dxe4 7. Bxe4 Bd6 8. O-O O-O 9. d4 exd4 10. Nxd4 Bd7 11.
Nxc6 bxc6 12. Qf3 Re8 13. Bxc6 Bxc6 14. Qxc6 Qf6 15. c3 Rab8 16. Be3 a5 17. Bd4 Qe6 18.
b3 h5 19. Rae1 Qxe1 20. Rxe1 Rxe1+ 21. Kg2 Rbe8 22. Qd5 R1e2 23. Qxa5 c5 24. Bxc5 R2e5 25. b4 Bxc5 26. bxc5 Rc8 27. a4 Rexc5 28. Qb4 Rc4 29. Qb7 R4c7 30. Qb5 Rc5 31. Qb7 R5c7 32. Qb5 Rxc3 33.
Qxh5 Rc2 34. Qf5 R8c4 35. Qd7 Ra2 36. Qd8+ Kh7 37. Qd3+ g6 38. Qxc4 1-0

[Event "Live Chess"]
[Site "Chess.com"]
[Date "2024.06.02"]
[Round "-"]
[White "gobbles19"]
[Black "Dhaydon19"]
[Result "0-1"]
[WhiteElo "2303"]
[BlackElo "2685"]
[TimeControl "300"]
[EndTime "18:44:24 PDT"]
[Termination "Dhaydon19 won by resignation"]

1. e4 c6 2. d4 d5 3. e5 c5 4.
dxc5 Nc6 5. Bb5 e6 6. Be3 Bd7 7. Bxc6 Bxc6 8. Nf3 Ne7 9. c3 Qc7 10. O-O Nf5 11. Bd4 Bb5 12. Re1 Bxc5 13. Nbd2 Nxd4 14. cxd4 Be7 15. Rc1 Qb6 16. Nb3 O-O 17. Nc5 Rac8 18. a4 Bc6 19. Qd2 a5 20. Re3 Qb4 21. Qxb4 axb4 22. b3 Rc7 23. g3 Rfc8 24. Re2 Be8 25.
a5 Bb5 26. Rec2 h6 27. Ne1 Ra8 28. Ned3 Rxa5 29. Nxb4 b6 30. Ncd3 Rxc2 31. Rxc2 Ra1+ 32. Kg2 Rd1 33. Nb2 Rxd4 34. Nc6 Bxc6 35. Rxc6 Rd2 36. Na4 b5 37. Nb6 Bg5 38. Nd7 Be7 39. Rc8+ Kh7 40. Rb8 b4 41. Rb7 Kg6 42. Rb5 Rb2 43. Nb8 Rxb3 44.
Nc6 Bf8 45. Rb8 Bc5 46. Rb5 Rc3 47. Nxb4 Bxb4 48. Rxb4 Rc4 49. Rb7 Re4 50. f4 Re2+ 51. Kg1 h5 52. Rd7 h4 53. Rd8 h3 54. Rd7 f6 55.
exf6 gxf6 56. Rd8 Kf5 57. Rh8 Kg4 0-1

[Event "Live Chess"]
[Site "Chess.com"]
[Date "2024.06.02"]
[Round "-"]
[White "e4evr"]
[Black "KeithArkell"]
[Result "1-0"]
[WhiteElo "2227"]
[BlackElo "2442"]
[TimeControl "300"]
[EndTime "18:45:24 PDT"]
[Termination "e4evr won by checkmate"]

1. c3 d5 2. Qc2 Nf6 3. Qd3 c5 4. Kd1 Nc6 5. f4 g6 6. Qg3 Bf5 7.
Qe1 d4 8. c4 Bg7 9. d3 e5 10.
h3 h5 11. g3 e4 12. Bg2 O-O 13. Nd2 exd3 14. Ngf3 dxe2+ 15. Qxe2 Re8 16. Qf2 Nb4 17. Ne5 Bc2+ 18. Ke1 Nd7 19. Kf1 Nxe5 20. fxe5 Rxe5 21. Nf3 Nd3 22. Qxc2 Qf6 23. Qxd3 Rae8 24. Bf4 Re2 25.
Re1 Rxe1+ 26. Nxe1 g5 27. Qf3 gxf4 28. Qxf4 Qe6 29.
Nf3 Qe2+ 30. Kg1 d3 31. Kh2 Qxb2 32. Ng5 Qf6 33. Qxf6 Bxf6 34. Ne4 Bd4 35. Rd1 f5 36. Nd6 Re2 37. Nxf5 Be5 38. Rxd3 Rxa2 39. h4 Kf7 40. Kh3 Ke6 41. Ne3 Bd4 42. Bxb7 a5 43. Bd5+ Ke5 44.
g4 a4 45. gxh5 a3 46. Ng4+ Kd6 47. h6 Ra1 48. Rxd4 cxd4 49. h7 a2 50. h8=Q Rh1+ 51. Bxh1 a1=Q 52. Qe5+ Kd7 53. Nf6+ Kc8 54. Qc5+ Kb8 55.
Nd7# 1-0

[Event "Live Chess"]
[Site "Chess.com"]
[Date "2024.06.02"]
[Round "-"]
[White "lyricalschemes"]
[Black "ShanthamGrarks"]
[Result "1/2-1/2"]
[WhiteElo "2216"]
[BlackElo "1880"]
[TimeControl "300"]
[EndTime "18:45:38 PDT"]
[Termination "Game drawn by agreement"]

1. e4 e5 2. Nc3 Nc6 3. Bc4 Nf6 4. d3 Bc5 5. Nge2 O-O 6. O-O Nd4 7. Nxd4 Bxd4 8. Be3 Bxe3 9. fxe3 c6 10. d4 d5 11.
dxe5 Nxe4 12. Nxe4 dxe4 13. Qd4 Qxd4 14. exd4 Be6 15.
Bxe6 fxe6 16. c3 Rf5 17. Rae1 Raf8 18. g3 g5 19. Kg2 g4 20. Rxf5 exf5 21. Re2 Kf7 22.
Re3 Ke6 23. Kf2 1/2-1/2

[Event "Live Chess"]
[Site "Chess.com"]
[Date "2024.06.02"]
[Round "-"]
[White "CarmelJane"]
[Black "Crowded_House"]
[Result "1-0"]
[WhiteElo "2049"]
[BlackElo "1699"]
[TimeControl "300"]
[EndTime "18:45:45 PDT"]
[Termination "CarmelJane won by checkmate"]

1. d4 e6 2. e4 d5 3. Nd2 dxe4 4. Nxe4 Bd7 5. Bd3 Bc6 6. Nf3 Nd7 7. O-O Ngf6 8. Re1 Be7 9. Ng3 O-O 10. Ne5 Nxe5 11.
dxe5 Nd5 12. Qh5 g6 13. Qe2 Bg5 14. Bxg5 Qxg5 15. Ne4 Qe7 16. c4 Nb4 17. Nf6+ Kg7 18. Qe3 Nxd3 19. Qxd3 Rad8 20. Qh3 h5 21. Qh4 Rh8 22.
Nxh5+ Kf8 23. Qxe7+ Kxe7 24. Nf6 Rd2 25. b4 a6 26. Kf1 Rhd8 27. a4 b5 28. axb5 axb5 29. c5 R8d4 30. Ra6 Be8 31. c6 Rxb4 32. Ra7 Rbb2 33.
Rxc7+ Kf8 34. Ne4 Rd5 35. Rc8 Rxe5 36. Rxe8+ Kg7 37. c7 Rc2 38. c8=Q Rxc8 39. Rxc8 f6 40. Rb8 f5 41. Nd6 Rd5 42. Ne8+ Kf7 43. Nc7 Rc5 44. Nxb5 Kf6 45. Nd6 Rc7 46. Rf8+ Ke7 47. Rf7+ Kd8 48. Rxc7 Kxc7 49. Ne8+ Kd7 50. Ng7 Ke7 51. Nxe6 Kf7 52. Nd4 Kf6 53. f4 g5 54. g3 gxf4 55. gxf4 Kf7 56.
Re6 Kg7 57. h4 Kf7 58. h5 Kg7 59. h6+ Kh7 60. Kf2 Kg8 61. Re7 Kh8 62. Ra7 Kg8 63. Kg3 Kh8 64. Kh4 Kg8 65. Kh5 Kh8 66. Kg6 Kg8 67.
Ra8# 1-0

[Event "Live Chess"]
[Site "Chess.com"]
[Date "2024.06.02"]
[Round "-"]
[White "Tushinskiy"]
[Black "MagnersCarlsberg2870"]
[Result "1-0"]
[WhiteElo "2269"]
[BlackElo "1801"]
[TimeControl "300"]
[EndTime "18:46:36 PDT"]
[Termination "Tushinskiy won by checkmate"]

1. d4 Nf6 2. c3 b6 3. Nf3 Bb7 4. Bf4 d6 5. Bg3 Nbd7 6. Nbd2 g6 7. Qc2 Bg7 8. e4 c5 9. d5 h5 10. Bd3 Ng4 11. h3 Nge5 12. Nxe5 Bxe5 13. f4 Bg7 14. Nf3 Qc7 15. a4 c4 16. Be2 Qc5 17. Bf2 Qc7 18.
Bd4 Bxd4 19. Nxd4 e5 20. dxe6 fxe6 21. Nxe6 Qc6 22. Bf3 Qc8 23. O-O Kf7 24. Nd4 Qc5 25.
Rae1 Rae8 26. Kh1 Kg7 27. Re2 Rhf8 28. f5 Qe5 29. Qd2 Nc5 30. Qg5 Rf6 31. Bxh5 Nxe4 32. Rxe4 Qxe4 33. Bxg6 Rxg6 34. Qxg6+ Kf8 35. Ne6+ Rxe6 36.
fxe6+ Ke7 37. Rf7+ Kd8 38. Qg8# 1-0

[Event "Live Chess"]
[Site "Chess.com"]
[Date "2024.06.02"]
[Round "-"]
[White "nigelst"]
[Black "ACM42"]
[Result "0-1"]
[WhiteElo "1740"]
[BlackElo "2171"]
[TimeControl "300"]
[EndTime "18:47:14 PDT"]
[Termination "ACM42 won by checkmate"]

1. e4 e6 2. d4 d5 3. exd5 exd5 4. Nf3 Bd6 5. c4 c6 6. Nc3 Ne7 7. c5 Bc7 8. Bd3 b6 9. b4 a5 10. Ba3 axb4 11. Bxb4 Na6 12. cxb6 Nxb4 13. bxc7 Nxd3+ 14. Qxd3 Qxc7 15. O-O Ba6 16. Qe3 Bxf1 17. Rxf1 O-O 18. Ne5 f6 19. Ng4 Qd6 20. f4 Rfe8 21. Qg3 Nf5 22. Qd3 Qe6 23. Kh1 Ra3 24. Qc2 Nxd4 25. Qb2 Raa8 26. h3 Nf5 27. Kh2 d4 28. Nd1 c5 29.
Qc2 c4 30. Nb2 c3 31. Nd3 Rxa2 32. Qb1 Rd2 33. Nc5 Qe2 34. Rg1 Nh4 35. Qb3+ Kh8 36. Qf7 Nf3+ 37. Kh1 Qxg2+ 38. Rxg2 Re1+ 39. Rg1 Rxg1# 0-1

[Event "Live Chess"]
[Site "Chess.com"]
[Date "2024.06.02"]
[Round "-"]
[White "asingardenof"]
[Black "Frankie_Badacsonyi"]
[Result "0-1"]
[WhiteElo "626"]
[BlackElo "2405"]
[TimeControl "300"]
[EndTime "18:47:31 PDT"]
[Termination "Frankie_Badacsonyi won by resignation"]

1. d4 d5 2. c4 c6 3. Nc3 Nf6 4. Nf3 dxc4 5. e3 b5 6. Be2 e6 7. O-O Bb7 8. e4 Be7 9. Bf4 O-O 10. Qd2 a6 11. a3 Nbd7 12. b4 cxb3 13. Bd1 Nb6 14. Bxb3 c5 15. d5 exd5 16. exd5 Nfxd5 17. Nxd5 Bxd5 18. Bxd5 Qxd5 19. Qxd5 Nxd5 20. Ne5 Nxf4 21. Nd7 Rfd8 22. Nxc5 Bxc5 23. Rac1 Ne2+ 24. Kh1 Nxc1 25.
Rxc1 Rac8 26. h3 Bxa3 27. Rxc8 Rxc8 28. Kh2 Bd6+ 29. g3 b4 0-1

[Event "Live Chess"]
[Site "Chess.com"]
[Date "2024.06.02"]
[Round "-"]
[White "booktrunk"]
[Black "grillage"]
[Result "0-1"]
[WhiteElo "1502"]
[BlackElo "1856"]
[TimeControl "300"]
[EndTime "18:48:10 PDT"]
[Termination "grillage won by resignation"]

1. d4 e6 2. Nc3 d5 3. Bf4 Nf6 4. Nb5 Na6 5. e3 c6 6. Nc3 Nb8 7. Nf3 Nbd7 8. a3 Be7 9. Ne5 O-O 10. Nxd7 Qxd7 11. Be2 b6 12. Bf3 c5 13. dxc5 bxc5 14.
O-O Bd6 15. Bxd6 Qxd6 16. g3 Rb8 17. Rb1 Ba6 18. Be2 Bxe2 19. Nxe2 Qe5 20. c3 Qh5 21. Nf4 Qh6 22. Kg2 Ng4 23. Qxg4 c4 24. Qh5 Qf6 25. Ne2 Qe7 26. Nd4 Qc7 27. Qg4 Rb7 28.
h4 Rfb8 29. Qe2 Rb6 30. Rfc1 Qb7 31. Rc2 a5 32. Nf3 Rb3 33. Ne1 Rxa3 34. Nf3 Rb3 35. Nd4 Rb6 36. f3 a4 37. e4 a3 38. b4 cxb3 39. Rxb3 Rxb3 40. Nxb3 Qxb3 41. Ra2 Qxc3 42. Qe1 Rb2+ 43. Rxb2 Qxb2+ 44. Kh3 a2 45. Qa5 h6 46. Qd8+ Kh7 47. Qf8 a1=Q 48. Qxf7 Qf6 0-1

[Event "Live Chess"]
[Site "Chess.com"]
[Date "2024.06.02"]
[Round "-"]
[White "MagnersCarlsberg2870"]
[Black "Crowded_House"]
[Result "1-0"]
[WhiteElo "1807"]
[BlackElo "1693"]
[TimeControl "300"]
[EndTime "18:48:54 PDT"]
[Termination "MagnersCarlsberg2870 won by checkmate"]

1. d4 e6 2. Nd2 d5 3. e3 c5 4. c3 Nc6 5. Bd3 Qb6 6. f4 Nf6 7.
Ngf3 Bd6 8. Qe2 O-O 9. Ne5 cxd4 10. exd4 Ne7 11. g4 Ne4 12. Nxe4 dxe4 13. Qxe4 Ng6 14.
h4 f5 15. gxf5 exf5 16. Qd5+ Kh8 17. Nf7+ Kg8 18. Nh6+ Kh8 19. Qg8+ Rxg8 20. Nf7# 1-0

[Event "Live Chess"]
[Site "Chess.com"]
[Date "2024.06.02"]
[Round "-"]
[White "MaksymYurii"]
[Black "RafaelRony"]
[Result "0-1"]
[WhiteElo "964"]
[BlackElo "1074"]
[TimeControl "300"]
[EndTime "18:49:14 PDT"]
[Termination "RafaelRony won by resignation"]

1. e4 e6 2. f4 d5 3. d3 dxe4 4. Nh3 exd3 5. Bxd3 Nf6 6. O-O Bc5+ 7. Kh1 O-O 8. Ng5 h6 9. Bh7+ Nxh7 10. Nxh7 Kxh7 11. Qh5 Bd6 12. f5 exf5 13. Bxh6 gxh6 14. Nc3 Qg5 15. Qf3 Rg8 16. g3 Bd7 17. Qd3 Bc6+ 18.
Kg1 Bc5+ 19. Rf2 Bxf2+ 20. Kxf2 Nd7 21. Rf1 Rad8 22. Kg1 Kh8 23. Rxf5 Qg4 24. Rf4 Ne5 25. Qe3 Nf3+ 26. Kf2 Rd2+ 27. Qxd2 Nxd2 28. Rxg4 Rxg4 0-1

[Event "Live Chess"]
[Site "Chess.com"]
[Date "2024.06.02"]
[Round "-"]
[White "gobbles19"]
[Black "RockTroll"]
[Result "0-1"]
[WhiteElo "2292"]
[BlackElo "2209"]
[TimeControl "300"]
[EndTime "18:49:50 PDT"]
[Termination "RockTroll won by resignation"]

1. Nf3 Nf6 2. c4 g6 3. d4 Bg7 4.
Nc3 d6 5. e4 O-O 6. h3 e5 7.
dxe5 dxe5 8. Bg5 Nbd7 9. Be2 c6 10. O-O Qc7 11. Qc2 Nc5 12. b4 Ne6 13. Be3 Nh5 14. Rfd1 a5 15. a3 axb4 16. axb4 Rxa1 17. Rxa1 Nd4 18.
Qc1 f5 19. exf5 Bxf5 20. Ng5 Nf4 21. Bxf4 exf4 22. Bf1 f3 23. g4 Bc8 24. Ra3 Qb6 25. b5 Ne2+ 26. Bxe2 fxe2 27. Qe1 Qc5 0-1

[Event "Live Chess"]
[Site "Chess.com"]
[Date "2024.06.02"]
[Round "-"]
[White "RafaelRony"]
[Black "KeithArkell"]
[Result "0-1"]
[WhiteElo "1074"]
[BlackElo "2442"]
[TimeControl "300"]
[EndTime "18:51:14 PDT"]
[Termination "KeithArkell won by resignation"]

1. e4 c6 2. d4 d5 3. e5 c5 4. c3 Nc6 5. Nf3 cxd4 6. cxd4 Bg4 7. Be2 Bxf3 8. Bxf3 e6 9. Nc3 Qb6 10. Be3 Qxb2 11. Bd2 Nxd4 12. Rb1 Nxf3+ 13. Qxf3 Qa3 14. Rb3 Qa6 15. Nb5 Rc8 16. Kf1 0-1

[Event "Live Chess"]
[Site "Chess.com"]
[Date "2024.06.02"]
[Round "-"]
[White "ShanthamGrarks"]
[Black "e4evr"]
[Result "0-1"]
[WhiteElo "1877"]
[BlackElo "2229"]
[TimeControl "300"]
[EndTime "18:51:19 PDT"]
[Termination "e4evr won by resignation"]

1. d4 Nf6 2. Nc3 e6 3. Bf4 Ke7 4. e4 Ke8 5. Nf3 Bb4 6. Bd3 d6 7. O-O a6 8. Bg5 Bxc3 9. bxc3 h6 10. Bh4 g5 11. Bg3 Nbd7 12. e5 Nh5 13. exd6 Nxg3 14.
dxc7 Qxc7 15. hxg3 Nf6 16. Ne5 Bd7 17. c4 Bc6 18. Nxc6 bxc6 19. Qe2 h5 20. d5 cxd5 21. cxd5 Nxd5 22. Be4 Nc3 23. Qd3 Nxe4 24. Qxe4 Ke7 25. Rab1 Rab8 26. Rxb8 Rxb8 27. Qh7 h4 28. Qg7 Rb5 29.
gxh4 gxh4 30. c3 h3 31. g3 Qc6 32. f3 Rb2 33. Qg5+ Kf8 34. Qh6+ Kg8 35. Qxh3 Qxc3 36. Qg4+ Qg7 37. Qh4 Qe5 38. Qd8+ Kg7 39. Qd3 Qxg3+ 0-1

[Event "Live Chess"]
[Site "Chess.com"]
[Date "2024.06.02"]
[Round "-"]
[White "GerardATHart"]
[Black "WelshTiger"]
[Result "0-1"]
[WhiteElo "1393"]
[BlackElo "2440"]
[TimeControl "300"]
[EndTime "18:51:25 PDT"]
[Termination "WelshTiger won by resignation"]

1. e4 c5 2. Nc3 e6 3. d4 cxd4 4. Qxd4 Nc6 5. Qd2 Bb4 6. b3 Nf6 7. f3 d5 8. a3 Bxc3 9. Qxc3 dxe4 10. fxe4 Qd4 11. Qxd4 Nxd4 12. Bd3 e5 13. Nf3 Nxf3+ 14. gxf3 Be6 15. Rg1 g6 16. Bg5 Nh5 17. O-O-O f6 18.
Be3 a6 19. Bc5 Rc8 20. b4 Nf4 21. Bf1 Kf7 22. Rd6 Rhd8 23. c4 Rxd6 24. Bxd6 Bxc4 25.
Bxc4+ Rxc4+ 26. Kb2 Ke6 27. Bc5 Nd3+ 28. Kb3 Rc1 29. Rg2 Nxc5+ 30. bxc5 Rxc5 31. Rc2 Rxc2 32. Kxc2 Kd6 33. Kc3 Kc5 34. a4 b5 35. a5 b4+ 36. Kb3 Kb5 37. h4 f5 0-1

[Event "Live Chess"]
[Site "Chess.com"]
[Date "2024.06.02"]
[Round "-"]
[White "Dhaydon19"]
[Black "juniortay"]
[Result "1/2-1/2"]
[WhiteElo "2680"]
[BlackElo "2423"]
[TimeControl "300"]
[EndTime "18:52:40 PDT"]
[Termination "Game drawn by repetition"]

1. d4 d5 2. Nf3 c5 3. g3 Nc6 4.
dxc5 Nf6 5. Bg2 e6 6. O-O Bxc5 7. c4 O-O 8. cxd5 exd5 9. Qc2 Bb6 10. Nc3 d4 11. Ne4 Bf5 12. Nh4 Nxe4 13. Nxf5 Nc5 14. a3 Qd7 15. b4 d3 16. exd3 Qxf5 17. bxc5 Bxc5 18. Be4 Qh5 19. Be3 Nd4 20. Qc4 Ne6 21. d4 Bb6 22. Bxb7 Rad8 23. Rad1 Ng5 24. Qc6 Rfe8 25.
Rfe1 Re6 26. Qg2 Red6 27. h4 Ne6 28. Bf3 Qg6 29. d5 Nc5 30. Bf4 R6d7 31. d6 Nd3 32.
Re4 Nxf4 33. Rxf4 Rxd6 34. Rxd6 Qxd6 35. a4 g6 36. h5 Kg7 37. Qf1 Qd2 38. Qe2 Qxe2 39.
Bxe2 Rd2 40. Kf1 g5 41. Rf5 h6 42. a5 Bd4 43. Bc4 f6 44. Ke1 Rc2 45. Bd3 Ra2 46. a6 Kf8 47. Kf1 Ke7 48. Rf3 Kd6 49. Kg2 Ke5 50.
Rf5+ Kd6 51. Rf3 Ke5 52. Kf1 Rd2 53. Rf5+ Ke6 54. Rf3 Ke5 55. Bg6 Ra2 56. Bd3 Rd2 1/2-1/2